 Dungeon Crawl Stone Soup version 0.30-b1-2-g02819fbbbe (webtiles) character file.

Game seed: 11575096198924784960

4441 Alarkh the Cutter (level 10, -1/77 HPs)
             Began as a Demonspawn Artificer on Nov 22, 2023.
             Was a Believer of Uskayaw.
             Slain by a yak (12 damage)
             ... on level 8 of the Dungeon.
             The game lasted 00:13:52 (8207 turns).

Alarkh the Cutter (Demonspawn Artificer)            Turns: 8207, Time: 00:13:53

Health: -1/77      AC:  4    Str: 13    XL:     10   Next: 15%
Magic:  0/24       EV: 11    Int: 19    God:    Uskayaw [**....]
Gold:   459        SH:  0    Dex: 28    Spells: 13/16 levels left

rFire   . . .        a - +1 dagger (freeze)
rCold   . . .        (no shield)
rNeg    . . .        L - +0 leather armour
rPois   .            (no helmet)
rElec   .            (cloak unavailable)
rCorr   .            (no gloves)
SInv    .            C - +0 pair of boots
Will    .....        w - amulet of Soecligg {Spirit Int+3 Dex+4}
Stlth   ++++++       y - +6 ring of dexterity
HPRegen 1.32/turn    A - ring of magical power
MPRegen 0.19/turn

%: guardian spirit
@: no status effects
A: thin skeletal structure 2, powered by death 1, demonic magic 1, weakness
stinger 3
a: Renounce Religion, Stomp, Line Pass


You were on level 8 of the Dungeon.
You worshipped Uskayaw.
Uskayaw was noncommittal.
You visited 2 branches of the dungeon, and saw 9 of its levels.
You also visited: Sewer.

You collected 459 gold pieces.

Inventory:

Hand Weapons
 a - a +1 dagger of freezing (weapon)
 b - a +1 dagger of protection
 B - the +5 scythe of Distraction {elec, *Corrode rPois rN++ Stlth+}
   (You took it off a hobgoblin on level 4 of the Dungeon)

   rPois:     It protects you from poison.
   rN:        It greatly protects you from negative energy.
   *Corrode:  It may corrode you when you take damage.
   Stlth:     It makes you more stealthy.
Missiles
 G - a throwing net
Armour
 C - a +0 pair of boots (worn)
 L - a +0 leather armour (worn)
Jewellery
 m - a ring of wizardry
 w - the amulet of Soecligg (around neck) {Spirit Int+3 Dex+4}
   (You found it on level 3 of the Dungeon)

   [amulet of guardian spirit]

   It causes incoming damage to be divided between your reserves of health and
   magic.
   Int:       It affects your intelligence (+3).
   Dex:       It affects your dexterity (+4).
 y - a +6 ring of dexterity (left hand)
 A - a ring of magical power (right hand)
 K - an amulet of the acrobat
Wands
 d - a wand of charming (14)
 e - a wand of iceblast (6)
 z - a wand of flame (21)
Scrolls
 f - 4 scrolls of teleportation
 g - 2 scrolls of magic mapping {unknown}
 j - 2 scrolls of blinking
 k - a scroll of noise {unknown}
 l - a scroll of poison
 n - a scroll of fog {unknown}
 o - 2 scrolls of enchant weapon {unknown}
 q - a scroll of enchant armour {unknown}
 r - 2 scrolls of identify
 v - a scroll of amnesia {unknown}
 E - a scroll of acquirement {unknown}
 F - 2 scrolls of fear {unknown}
 J - a scroll of immolation {unknown}
Potions
 c - 3 potions of ambrosia
 h - a potion of haste
 i - 2 potions of curing
 p - 3 potions of berserk rage {unknown}
 s - 3 potions of brilliance
 t - 3 potions of heal wounds
 u - a potion of invisibility
 x - a potion of attraction
 D - 2 potions of lignification {unknown}
 H - a potion of flight
 I - a potion of resistance {unknown}


   Skills:
 + Level 6.9 Fighting
 * Level 7.9 Short Blades
 - Level 1.7 Armour
 - Level 0.8 Dodging
 + Level 6.1 Stealth
 + Level 3.7 Spellcasting
 + Level 4.0 Conjurations
 + Level 4.1 Hexes
 + Level 1.6 Invocations
 - Level 3.0 Evocations


You had 13 spell levels left.
You knew the following spells:

 Your Spells              Type           Power      Damage    Failure   Level
a - Dazzling Flash        Conj/Hex       38%        N/A       10%         3

Your spell library contained the following spells:

 Spells                   Type           Power      Damage    Failure   Level
 Magic Dart               Conj           72%        1d6       3%          1
 Searing Ray              Conj           36%        2d5       5%          2
 Foxfire                  Conj/Fire      44%        2x1d6     8%          1
 Call Imp                 Summ           6%         N/A       26%         2
 Poisonous Vapours        Pois/Air       6%         N/A       26%         2
 Mephitic Cloud           Conj/Pois/Air  8%         N/A       30%         3
 Cause Fear               Hex            9%         N/A       32%         4
 Fulminant Prism          Conj/Hex       9%         3d6       32%         4
 Volatile Blastmotes      Fire/Tloc      6%         2d10      47%         3
 Anguish                  Hex/Necr       5%         N/A       58%         4
 Iskenderun's Mystic Bla  Conj/Tloc      11%        2d4       61%         4
 Iskenderun's Battlesphe  Conj           18%        2d7       67%         5
 Arcjolt                  Conj/Air       5%         1d15      91%         5
 Fireball                 Conj/Fire      5%         3d5       91%         5
 Silence                  Hex/Air        5%         N/A       91%         5
 Conjure Ball Lightning   Conj/Air       5%         3x3d6     100%        6
 Iron Shot                Conj/Erth      5%         9d2       100%        6
 Plasma Beam              Fire/Air       1%         2x1d12    100%        6
 Starburst                Conj/Fire      5%         6d4       100%        6
 Enfeeble                 Hex            9%         N/A       100%        7
 Spellforged Servitor     Conj/Summ      5%         N/A       100%        7


Dungeon Overview and Level Annotations

Branches:
Dungeon (8/15)             Temple (1/1) D:7           Sewer (visited)
   Lair: D:8-11

Altars:
Ashenzari
Cheibriados
Dithmenos
Fedhas
Gozag
Hepliaklqana
Kikubaaqudgha
Makhleb
Nemelex Xobeh
Okawaru
Qazlal
Ru
Sif Muna
Trog
Uskayaw
Wu Jian
Yredelemnul

Shops:
D:6 =   D:7 [(?==


Innate Abilities, Weirdness & Mutations

You have a moderately thin skeletal structure. (Dex +4, Stealth++)
You regenerate a little health from kills.
Spells you cast may paralyse adjacent enemies.
You have a sharp stinger which inflicts weakening toxins.


Message History

You are too injured to fight recklessly!
You are too injured to fight recklessly!
You closely miss the yak.
The yak is almost dead.
You closely miss the yak.
The yak is almost dead.
The yak closely misses you.
You hit the yak. You freeze the yak.
You kill the yak!
You hit the yak but do no damage. You punch the yak.
The yak is lightly wounded.
You barely miss the yak.
The yak is lightly wounded.
The yak gores you!
Aiming: Line Pass
Press: ? - help, Dir - move target The yak appears confused. x2; The yak gores the yak!!
The yak gores you! The yak gores you.
* * * LOW HITPOINT WARNING * * *
You strike the helpless yak from behind!
You impale the yak!! You freeze the yak!
You kill the yak!
The yak attacks as you move away! The yak gores you.
* * * LOW HITPOINT WARNING * * *
The yak seems less confused.
Aiming: Line Pass
Press: ? - help, Dir - move target The yak appears confused. x2; The yak gores the yak!
You catch the helpless yak completely off-guard!
You impale the yak!! You freeze the yak.
You kill the yak!
The yak seems less confused.
The yak barely misses you.
Your Conjurations skill increases to level 4!
You hit the yak. You freeze the yak.
You tail-slap the yak, but do no damage.
The yak is lightly wounded.
The yak gores you!
* * * LOW HITPOINT WARNING * * *
The yak attacks as you move away! The yak gores you!
You die...

..... #.##. #....
#.### # ......##....
.# #.....###### # .#
....# ### #.###.
>...####.. ...#
##...##.# ####†####
##.....#.#
#...Y@..#####........#
#.##.##.#............#
#. #.##....##........#
#. #.......###.......#
#. ####....# #.......#
#. ...#### #.####.##
## ##### #.>....#
########


You could see a yak.

Vanquished Creatures
  Psyche (D:8)
  Grinder (D:6)
  Prince Ribbit (D:5)
  Sigmund (D:4)
  6 yaks
  Eustachio (D:5)
  A steam dragon (D:6)
  Edmund (D:4)
  A water moccasin (D:5)
  An orc warrior (D:5)
  An ice beast (D:7)
  3 sky beasts
  2 black bears
  3 ogres
  A centaur (D:7)
  2 kobold brigands
  A phantom (D:5)
  4 bullfrogs
  4 scorpions
  3 hounds
  3 jellies
  2 orc priests (D:4)
  3 iguanas
  6 orc wizards
  3 gnolls (D:4)
  9 adders
  2 shadow imps (D:7)
  A white imp (D:4)
  An ufetubus (D:6)
  3 worms
  A dart slug (D:1)
  9 orcs
  13 ball pythons
  14 endoplasms
  9 giant cockroaches
  16 goblins
  12 hobgoblins
  6 jackals
  4 quokkas
  5 bats
  8 frilled lizards (Sewer)
  20 kobolds
  10 rats
199 creatures vanquished.

Notes
Turn   | Place    | Note
-------+----------+-------------------------------------------
     0 | D:1      | Alarkh the Demonspawn Artificer began the quest for the
                  | Orb.
     0 | D:1      | Reached XP level 1. HP: 15/15 MP: 1/1
   141 | D:1      | Gained mutation: You have a small tail. [demonic ancestry]
   141 | D:1      | Reached XP level 2. HP: 21/22 MP: 2/2
   167 | D:1      | Found a faded altar of an unknown god.
   479 | D:1      | Gained mutation: You have a somewhat thin skeletal
                  | structure. (Dex +2, Stealth+) [demonic ancestry]
   479 | D:1      | Reached XP level 3. HP: 26/29 MP: 3/3
   777 | D:2      | Reached skill level 1 in Stealth
  1151 | D:2      | Reached skill level 1 in Short Blades
  1328 | D:2      | Reached XP level 4. HP: 35/35 MP: 4/4
  1981 | D:3      | Got the Spellbook of the Sky
  2140 | D:3      | Identified the amulet of Soecligg {Spirit Int+3 Dex+4}
  2244 | D:4      | Reached skill level 2 in Short Blades
  2244 | D:4      | Gained mutation: You have a moderately thin skeletal
                  | structure. (Dex +4, Stealth++) [demonic ancestry]
  2244 | D:4      | Reached XP level 5. HP: 9/41 MP: 1/5
  2674 | D:4      | Reached skill level 3 in Short Blades
  2681 | D:4      | Noticed a black bear
  2689 | D:4      | Killed a black bear
  2690 | D:4      | Gained mutation: You regenerate a little health from kills.
                  | [demonic ancestry]
  2690 | D:4      | Reached XP level 6. HP: 40/48 MP: 6/6
  2802 | D:4      | Reached skill level 4 in Short Blades
  2840 | D:4      | Noticed a sky beast
  2847 | D:4      | Killed a sky beast
  2848 | D:4      | Gained mutation: You have a tail ending in a sharp stinger.
                  | [demonic ancestry]
  2848 | D:4      | Reached XP level 7. HP: 55/55 MP: 7/7
  2865 | D:4      | Identified the +5 scythe of Distraction {elec, *Corrode
                  | rPois rN++ Stlth+}
  2874 | D:4      | Noticed Sigmund
  2877 | D:4      | Noticed Edmund
  2905 | D:4      | Killed Edmund
  2906 | D:4      | Reached skill level 5 in Fighting
  2906 | D:4      | Your ally Sigmund died
  2907 | D:4      | Reached skill level 5 in Short Blades
  3531 | D:5      | Entered Level 5 of the Dungeon
  3685 | D:5      | Gained mutation: Spells you cast may paralyse adjacent
                  | enemies. [demonic ancestry]
  3685 | D:5      | Reached XP level 8. HP: 45/62 MP: 4/8
  3810 | D:5      | Learned a level 3 spell: Dazzling Flash
  4034 | D:5      | Reached skill level 1 in Spellcasting
  4034 | D:5      | Reached skill level 1 in Conjurations
  4034 | D:5      | Reached skill level 1 in Hexes
  4088 | D:5      | Noticed Prince Ribbit
  4090 | D:5      | Killed Prince Ribbit
  4091 | D:5      | Reached skill level 6 in Short Blades
  4104 | D:5      | Noticed Eustachio
  4120 | D:5      | Killed Eustachio
  4336 | D:5      | Found a shadowy altar of Dithmenos.
  4580 | D:5      | Reached skill level 5 in Stealth
  4986 | D:5      | Gained mutation: You have a sharp stinger which inflicts
                  | weakening toxins. [demonic ancestry]
  4986 | D:5      | Reached XP level 9. HP: 69/69 MP: 12/12
  5574 | D:6      | Noticed Grinder
  5577 | D:6      | Killed Grinder
  5632 | D:6      | Found a glowing drain.
  5641 | Sewer    | Entered a sewer
  5829 | Sewer    | Reached skill level 7 in Short Blades
  6766 | D:6      | Found Boduomul's Jewellery Emporium.
  6797 | D:6      | You fall into a shaft and drop 1 floor!
  6799 | D:7      | Found Fomek's Jewellery Boutique.
  6915 | D:7      | Found Pas Cekk's Jewellery Shop.
  7376 | D:7      | Found Giosk's Antique Weapon Shoppe.
  7377 | D:7      | Found Zawan's Antique Armour Shoppe.
  7445 | D:7      | Found a staircase to the Ecumenical Temple.
  7630 | D:7      | Found Yluawn's Magic Scroll Emporium.
  7789 | Temple   | Entered the Ecumenical Temple
  7984 | Temple   | Became a worshipper of Uskayaw the Reveller
  8063 | D:8      | Noticed Psyche
  8070 | D:8      | Killed Psyche
  8070 | D:8      | Reached * piety under Uskayaw
  8075 | D:8      | Reached ** piety under Uskayaw
  8076 | D:8      | Reached XP level 10. HP: 77/77 MP: 15/15
  8138 | D:8      | Reached skill level 1 in Invocations
  8207 | D:8      | Slain by a yak

Illustrated notes

Levels and vault maps discovered:
D:1:      doesnt_arrival_eight_statues, layout_rooms,
          dreamdust_ecumenical_altar_hidden_monk_grotto
D:2:      layout_basic, st_stairs_10, minmay_pentomino_w4
D:3:      layout_rooms, minmay_goblin_outpost
D:4:      layout_basic, sigmund_edmund_badplayer
D:5:      layout_loops_corners, grunt_dithmenos_smoke_and_mirrors,
          uniq_eustachio, uniq_prince_ribbit1
D:6:      nicolae_cairo_tiling_very_big, layout_gridville, serial_shops,
          nicolae_shop_trees, cheibrodos_sewer_entry_sluice, uniq_grinder
D:7:      layout_loops_ring, temple_pool_b, serial_shops, shop,
          nicolae_shop_tiny_glass, shop, nicolae_shop_gaudy_bauble, shop,
          grunt_decor_mini_mirrors
D:8:      layout_loops_cross, gammafunk_ghost_nasty_kobolds, uniq_psyche
Temple:   nicolae_temple_bog_church

Skill      XL: |  1  2  3  4  5  6  7  8  9 10 |
---------------+-------------------------------+-----
Fighting       | 2 3 4 5 6 |  6.9
Stealth        | 1 2 3 4 5 6 |  6.1
Short Blades   | 1 2 3 4 5 6 7 |  7.9
Spellcasting   | 2 3 |  3.7
Conjurations   | 2 3 4 |  4.0
Hexes          | 2 4 |  4.1
Invocations    | 1 |  1.6
Armour         | |  1.7
Dodging        | |  0.8
Evocations     | |  3.0

Action                     |  1- 3 |  4- 6 |  7- 9 | 10-12 || total
---------------------------+-------+-------+-------+-------++-------
  Melee: Dagger            |    14 |    58 |   372 |    36 ||   480
         Club              |     8 |       |       |       ||     8
         Short sword       |   142 |   115 |       |       ||   257
         Tailslap          |    16 |    21 |    64 |     7 ||   108
         Punch             |     1 |       |     6 |     1 ||     8
   Cast: Dazzling Flash    |       |       |     9 |       ||     9
 Invoke: Line Pass         |       |       |       |     2 ||     2
  Evoke: Wand              |     3 |    15 |     7 |       ||    25
    Use: Scroll            |     1 |     2 |     6 |       ||     9
         Potion            |       |     2 |     1 |       ||     3
   Stab: Sleeping          |     1 |    13 |    32 |       ||    46
         Confused          |       |       |     1 |     2 ||     3
         Betrayed ally     |       |       |     1 |       ||     1
         Paralysed         |       |       |     4 |       ||     4
         Invisible         |       |       |     2 |       ||     2
 Armour: Leather armour    |    55 |    34 |    57 |     2 ||   148
  Dodge: Dodged            |   101 |    77 |   136 |     7 ||   321
